AoeStats
← AGE OF AI

Arabia

509434252Analyzed
3v3 RM · 7d ago on Sep 26, 2026· 59m 36s· 6 players
Game mode
Random Map
Map size
Normal (6 player)
Population
200
Speed
Normal
Resources
Standard
Victory
Conquest
Starting age
Dark Age
Ending age
Imperial Age
RankedLock teamsTeams togetherTeam positionsShared explorationLock speedFull tech treeHidden civsTurbo modeCheats
Victory
Defeat
🇳🇱 Magyars · Netherlands
1035
+15
🇳🇱 Bengalis · Netherlands
1032
+16
🇳🇱 Spanish · Netherlands
1029
+16
🇵🇱 Franks · Poland
1035
-16
🇵🇱 Saxons · Poland
1021
-16
🇵🇱 Tatars · Poland
1013
-15
coahir
5:12 Loom
10:39 Feudal Age
18:01 Castle Age
20:51 Husbandry
21:16 Double-Bit Axe
22:00 Pikeman
29:55 Wheelbarrow
30:33 Bow Saw
31:47 Scale Barding Armor
32:55 Hand Cart
33:54 Caravan
38:11 Imperial Age
36:12 Padded Archer Armor
36:56 Ordonnance Companies
38:17 Cavalier
39:11 Chivalry
39:38 Conscription
38:47 Cranequins
39:48 Paladin
42:22 Chain Barding Armor
46:49 Plate Barding Armor
48:20 Heavy Mounted Crossbowman
54:30 Leather Archer Armor
54:06 Fletching
56:52 Murder Holes
57:03 Siege Engineers
57:08 Masonry
57:21 Ballistics
58:01 Chemistry
jaNuke
3:04 Loom
9:52 Feudal Age
10:33 Double-Bit Axe
13:46 Wheelbarrow
21:07 Castle Age
20:57 Fletching
21:08 Padded Archer Armor
21:02 Horse Collar
22:08 Bodkin Arrow
32:37 Leather Archer Armor
32:32 Scale Barding Armor
33:02 Bloodlines
32:52 Husbandry
33:24 Pikeman
34:28 Hand Cart
40:39 Imperial Age
39:26 Silk Armor
40:59 Onager
49:18 Chemistry
mily_skur3byk
7:37 Loom
9:56 Feudal Age
10:01 Man-at-Arms
10:48 Double-Bit Axe
12:59 Horse Collar
21:27 Castle Age
20:15 Scale Mail Armor
21:44 Forging
21:41 Arson
23:22 Chain Mail Armor
26:21 Wheelbarrow
28:06 Iron Casting
29:26 Bow Saw
31:00 Hand Cart
30:47 Gambesons
31:03 Squires
36:29 Imperial Age
34:09 Pikeman
35:01 Gold Mining
35:03 Stone Mining
34:39 Clerical Recruitment
37:15 Elite Varangian Guard
37:15 Halberdier
37:32 Shield Wall
42:03 Heavy Plow
43:36 Plate Mail Armor
43:00 Fletching
45:23 Elite Hearth Troop
48:03 Two-Man Saw
50:13 Masonry
52:11 Bodkin Arrow
53:47 Ballistics
53:58 Architecture
53:19 Town Watch
54:01 Conscription
54:08 Elite Skirmisher
54:54 Thumb Ring
56:42 Bracer
58:15 Hoardings
AGE OF AI
1:12 Loom
10:25 Feudal Age
14:18 Double-Bit Axe
19:53 Castle Age
18:21 Stone Mining
18:15 Horse Collar
20:06 Fletching
20:32 Crossbowman
24:07 Bow Saw
25:35 Wheelbarrow
27:00 Bodkin Arrow
27:43 Padded Archer Armor
28:46 Gold Mining
29:41 Town Watch
30:55 Ballistics
34:06 Imperial Age
32:12 Hand Cart
33:27 Elite Skirmisher
34:25 Leather Archer Armor
34:16 Scale Barding Armor
35:07 Heavy Plow
35:48 Gold Shaft Mining
35:26 Bracer
36:41 Ring Archer Armor
36:40 Elite Elephant Archer
39:28 Paiks
40:43 Conscription
41:03 Pikeman
41:44 Squires
41:46 Scale Mail Armor
41:57 Forging
42:32 Chain Barding Armor
42:28 Halberdier
43:36 Chain Mail Armor
43:56 Iron Casting
51:39 Mahayana
Ryu
9:31 Loom
12:12 Feudal Age
18:26 Castle Age
17:31 Forging
17:28 Scale Barding Armor
18:25 Bloodlines
20:04 Iron Casting
20:23 Husbandry
20:09 Horse Collar
20:18 Double-Bit Axe
23:28 Chain Barding Armor
26:09 Gold Mining
32:35 Imperial Age
31:00 Bow Saw
31:47 Wheelbarrow
32:37 Cavalier
33:54 Heavy Plow
33:54 Fletching
35:38 Ballistics
35:17 Bodkin Arrow
36:53 Bracer
36:55 Padded Archer Armor
38:03 Bracer
37:59 Light Cavalry
43:09 Chemistry
42:26 Leather Archer Armor
45:30 Ring Archer Armor
44:47 Elite Conquistador
51:43 Ring Archer Armor
52:11 Conscription
julian
7:33 Loom
9:35 Feudal Age
11:02 Double-Bit Axe
27:09 Castle Age
44:24 Imperial Age
47:16 Parthian Tactics
47:31 Heavy Cavalry Archer
48:06 Fletching
48:17 Padded Archer Armor
48:28 Scale Barding Armor
49:55 Thumb Ring
50:21 Conscription
50:06 Gold Mining
51:37 Ballistics
52:11 Wheelbarrow
51:46 Recurve Bow
53:07 Scale Mail Armor
53:00 Horse Collar
53:33 Bow Saw
52:56 Pikeman
53:22 Arson
54:18 Halberdier
Connection lost

Rejoining the realm…

Still unreachable

The connection could not be restored.

Session expired

The server has moved on; the page needs a fresh start.